 Dungeon Crawl Stone Soup version 0.27.1-35-g4d5d836560 (webtiles) character file.

Game seed: 7140697920780024556

0 gzilladon the Shield-Bearer (level 1, 23/23 HPs)
             Began as a Gnoll Fighter on Oct 11, 2022.
             Was a Follower of Dithmenos.
             Quit the game on level 1 of the Dungeon.
             The game lasted 00:00:28 (67 turns).

gzilladon the Shield-Bearer (Gnoll Fighter)           Turns: 67, Time: 00:00:29

Health: 23/23      AC:  7    Str: 15    XL:     1   Next: 10%
Magic:  1/1        EV:  7    Int:  7    God:    Dithmenos [*.....]
Gold:   16         SH: 10    Dex: 11    Spells: 0/0 levels left

rFire    . . .     SeeInvis .   a - +0 war axe
rCold    . . .     Faith    .   c - +0 kite shield
rNeg     . . .     Spirit   .   b - +0 scale mail
rPois    .         Reflect  .   (no helmet)
rElec    .         Harm     .   (no cloak)
rCorr    .         Rampage  .   (no gloves)
Will     .....                  (no boots)
Stlth    ..........             (no amulet)
HPRegen  0.07/turn              (no ring)
MPRegen  0.07/turn              (no ring)

@: wreathed by umbra
A: fangs 1, strong nose, distributed training
a: Renounce Religion


You were on level 1 of the Dungeon.
You worshipped Dithmenos.
Dithmenos was aware of your devotion.
You visited 1 branch of the dungeon, and saw 1 of its levels.

You collected 16 gold pieces.

Inventory:

Hand Weapons
 a - a +0 war axe (weapon)
Armour
 b - a +0 scale mail (worn)
 c - a +0 kite shield (worn)
Jewellery
 e - a ring of protection from cold
Potions
 d - a potion of might


   Skills:
 + Level 6.4 Fighting
 + Level 0.0 Short Blades
 + Level 0.0 Long Blades
 + Level 4.4 Axes
 + Level 0.0 Maces & Flails
 + Level 0.0 Polearms
 + Level 0.0 Staves
 + Level 0.0 Slings
 + Level 0.0 Bows
 + Level 0.0 Crossbows
 + Level 0.0 Throwing
 + Level 6.4 Armour
 + Level 0.0 Dodging
 + Level 0.0 Stealth
 + Level 6.4 Shields
 + Level 0.0 Unarmed Combat
 + Level 0.0 Spellcasting
 + Level 0.0 Conjurations
 + Level 0.0 Hexes
 + Level 0.0 Summonings
 + Level 0.0 Necromancy
 + Level 0.0 Translocations
 + Level 0.0 Transmutations
 + Level 0.0 Fire Magic
 + Level 0.0 Ice Magic
 + Level 0.0 Air Magic
 + Level 0.0 Earth Magic
 + Level 0.0 Poison Magic
 + Level 0.0 Invocations
 + Level 0.0 Evocations


You couldn't memorise any spells.
You didn't know any spells.
Your spell library contained the following spells:

 Spells                   Type           Power      Damage    Failure   Level
 Apportation              Tloc           0%         N/A       99%         1


Dungeon Overview and Level Annotations

Branches:
Dungeon (1/15)

Altars:
Dithmenos


Innate Abilities, Weirdness & Mutations

You have very sharp teeth.
Your uncanny sense of smell can sniff out nearby items.
Your experience applies equally to all skills.


Message History

Welcome, gzilladon the Gnoll Fighter.
Will you prevail where others failed? Will you find the Orb of Zot?
Press ? for a list of commands and other information.
Found 16 gold pieces.
Found a staircase leading out of the dungeon.
You enter the shallow water.
Moving in this stuff is going to be slow.
Found a stone staircase leading down.
You now have 16 gold pieces.
You enter the shallow water.
Moving in this stuff is going to be slow.
There is a staircase leading out of the dungeon here.
You enter the shallow water.
Moving in this stuff is going to be slow.
Found an ivory ring.
e - a ring of protection from cold You open the door.
A bat comes into view.
The bat hits you but does no damage.
There is an open door here.
You barely miss the bat. You block the bat's attack. The bat hits you.
You block the bat's attack. The bat hits you.
You slash the bat!
You kill the bat!
Found Plato's Handbook of the Voyage.
Found a faded altar of an unknown god.
You pick up Plato's Handbook of the Voyage and begin reading...
You add the spell Apportation to your library.
There is a faded altar of an unknown god here.
You cannot tell which god this altar belongs to.
Convert to them anyway?
Dithmenos accepts your prayer! Dithmenos welcomes you!
You are shrouded in an aura of darkness!
Are you sure you want to abandon this character and quit the game? (Confirm with "yes".)

### #.##....#≈.. ∆..#
##'##...#.≈<. # # ###.#
##...####.#≈.. #.#.∆
...###.....####.≈≈≈
#...P##^.##.......#..#.#.
..#....#..........#.#.#
#.##..+...........#.#.
#..............##.# #
#.##.@##.......#### #
#...###.....## #_..#
##...## #...# ##+## ##..#
...# ##^.# ∆ ...# #..#


There were no monsters in sight!

Vanquished Creatures
  A bat (D:1)
1 creature vanquished.

Notes
Turn   | Place    | Note
-------+----------+-------------------------------------------
     0 | D:1      | gzilladon the Gnoll Fighter began the quest for the Orb.
     0 | D:1      | Reached XP level 1. HP: 23/23 MP: 1/1
    43 | D:1      | Found a faded altar of an unknown god.
    57 | D:1      | Got Plato's Handbook of the Voyage
    58 | D:1      | Became a worshipper of Dithmenos the Shadowed
    58 | D:1      | Reached * piety under Dithmenos
    67 | D:1      | Quit the game

Illustrated notes

Levels and vault maps discovered:
D:1:      ncdulo_watergridlock, layout_loops_corners,
          shapermc_ecumenical_altar_rom_forum, minmay_misc_feat_tower,
          minmay_box_of_dots

Action                   || total
-------------------------++-------
Melee: War axe           ||     2
Armor: Scale mail        ||     1
Block: Kite shield       ||     2
